 Dungeon Crawl Stone Soup version 0.19.5 (webtiles) character file.

17189 ghjk the Severer (level 12, -25/111 (112) HPs)
             Began as a Minotaur Fighter on Apr 24, 2017.
             Was a High Priest of Okawaru.
             Annihilated by a hill giant
             ... wielding a +0 giant spiked club
              (29 damage)
             ... on level 11 of the Dungeon.
             The game lasted 00:19:15 (12595 turns).

ghjk the Severer (Minotaur Fighter)                Turns: 12595, Time: 00:19:15

HP:   -25/111 (112) AC: 11    Str: 27    XL:     12   Next: 16%
MP:   11/11         EV: 10    Int:  5    God:    Okawaru [*****.]
Gold: 633           SH:  0    Dex:  9    Spells: 0 memorised, 11 levels left

rFire  + . .     SeeInvis .     a - +1 war axe
rCold  . . .     Gourm    .     b - +1 scale mail
rNeg   . . .     Faith    .     (no shield)
rPois  .         Spirit   .     (helmet restricted)
rElec  .         Reflect  .     (no cloak)
rCorr  .         Harm     .     (no gloves)
MR     .....                    o - +0 pair of boots
Stlth  ..........               (no amulet)
                                y - ring of wizardry
                                w - ring of protection from fire

@: no status effects
A: retaliatory headbutt, horns 2
a: Heroism, Finesse, Renounce Religion


You were on level 11 of the Dungeon.
You worshipped Okawaru.
Okawaru was extremely pleased with you.
You were near starving.

You visited 1 branch of the dungeon, and saw 12 of its levels.

You collected 633 gold pieces.

Inventory:

Hand Weapons
 a - a +1 war axe (weapon)
 F - a +0 dire flail
 I - a +3 vampiric battleaxe
Armour
 b - a +1 scale mail (worn)
 c - a +0 shield
 o - a +0 pair of boots (worn)
Jewellery
 v - an uncursed ring of flight
 w - a ring of protection from fire (left hand)
 x - the amulet "Muotyfuck" {Gourm rElec rPois Int-3}
   (You found it on level 5 of the Dungeon)

   [amulet of the gourmand]

   It allows you to eat raw meat even when not hungry.
   It affects your intelligence (-3).
   It insulates you from electricity.
   It protects you from poison.
 y - a ring of wizardry (right hand)
Wands
 t - a wand of slowing (48/48)
 A - a wand of iceblast (5/15)
 G - a wand of flame (24/48)
Scrolls
 h - a scroll of magic mapping
 k - 7 scrolls of remove curse
 r - a scroll of fog
 D - 2 scrolls of recharging
 J - a scroll of enchant weapon
 L - 3 scrolls of identify
 N - a scroll of holy word
 O - 3 scrolls of brand weapon {unknown}
Potions
 d - a potion of might
 g - a potion of cure mutation
 i - 2 potions of agility
 j - a potion of mutation
 l - 2 potions of magic
 n - 4 potions of curing
 p - 3 potions of ambrosia
 q - 2 potions of heal wounds
 s - 2 potions of haste
 u - 2 potions of lignification
 H - a potion of brilliance
 K - 2 potions of flight
Books
 M - a book of Necromancy

   Spells                             Type                      Level
   a - Pain                           Necromancy                   1
   b - Animate Skeleton               Necromancy                   1
   c - Vampiric Draining              Necromancy                   3
   d - Regeneration                   Charms/Necromancy            3
   e - Animate Dead                   Necromancy                   4
   f - Control Undead                 Necromancy                   4
 P - a book of the Earth

   Spells                             Type                      Level
   a - Leda's Liquefaction            Hexes/Earth                  4
   b - Bolt of Magma                  Conjuration/Fire/Earth       5
   c - Statue Form                    Transmutation/Earth          6
   d - Iron Shot                      Conjuration/Earth            6
   e - Shatter                        Earth                        9
Comestibles
 f - 6 bread rations
 m - 11 meat rations
 z - a beef jerky
 B - a slice of pizza
 C - a royal jelly
 E - 17 fruits


   Skills:
 + Level 11.8 Fighting
 * Level 17.1 Axes
 - Level 0.8(11.6) Maces & Flails
 + Level 11.1 Armour
 - Level 3.6 Shields
 - Level 0.2 Invocations


You had 11 spell levels left.
You didn't know any spells.

Dungeon Overview and Level Annotations

Branches:
Dungeon (12/15)            Temple (0/1) D:6            Lair (0/6) D:8
    Orc (0/2) D:12

Altars:
Ashenzari
Cheibriados
Fedhas
Hepliaklqana
Makhleb
Okawaru
Xom
Zin
The Shining One

Shops:
D:10 }

Annotations:
D:12 exclusion: obsidian statue


Innate Abilities, Weirdness & Mutations

You reflexively headbutt those who attack you in melee.
You have a pair of horns on your head.


Message History

The hill giant hits you with a giant spiked club!
* * * LOW HITPOINT WARNING * * *
You slash the hill giant!
You headbutt the hill giant, but do no damage.
The hill giant is heavily wounded.
You slice the hill giant!!
The hill giant is severely wounded.
The hill giant hits you with a giant spiked club!
* * * LOW HITPOINT WARNING * * *
You completely miss the hill giant.
The hill giant is severely wounded.
You barely miss the hill giant.
The hill giant is severely wounded.
The hill giant hits you but does no damage.
You hit the hill giant but do no damage.
The hill giant is severely wounded.
You slash the hill giant!
The hill giant is almost dead.
The hill giant hits you with a giant spiked club!!
You die...

#.)(##.##.....###.#
#..###.#.......##.#
#.)(...........##.#
##.##(##.......##.#
###.##.###.....###.#
####.............## #.#
##....#.#...###..># #.# ####
##.....#.....# #...####.# #...
.......###...###@.......######.#.
.#.......##....C...##.(..........
.#.................##.##..###.#.#
##.#.###.#######...##.#.......#.#
#.#..##.# #...##.#...#.....#
#.##.##.# #...##....)#.#.###
#.#..##.# #...####.)##.#.##
##..)...(# #...# #.))(..<(#
##.....#########...####.)##)#..#


You could see a hill giant.

Vanquished Creatures
  The ghost of ghjk the Cleaver, a journeyman MiFi of Okawaru (D:10)
  2 hydras
  The ghost of salade2fruit the Thaumaturge, a novice OpEE of Sif Muna (D:9)
  A deep elf knight (D:10)
  3 hill giants
  A cyclops (D:12)
  An elephant (D:8)
  A kobold demonologist (D:12)
  A hornet (D:8)
  4 two-headed ogres
  2 dream sheep (D:8)
  6 hippogriffs
  A wyvern (D:11)
  A shadow (D:12)
  A wraith (D:11)
  14 yaks
  5 hungry ghosts
  Menkaure (D:6)
  A water moccasin (D:10)
  3 orc warriors (D:8)
  2 sky beasts
  A black bear (D:8)
  4 necrophages
  7 ogres
  2 ice beasts
  An eye of draining (D:10)
  3 phantoms
  A centaur (D:6)
  A crocodile (D:10)
  6 bullfrogs
  4 big kobolds
  A gnoll sergeant (D:8)
  4 scorpions
  2 troll zombies (D:12)
  5 wights
  2 howler monkeys (D:8)
  An electric eel (D:6)
  2 centaur zombies
  8 crimson imps
  8 hounds
  4 quasits
  2 bullfrog zombies (D:10)
  3 orc priests
  5 bullfrog skeletons
  2 centaur skeletons
  A jelly (D:9)
  9 orc wizards
  6 iguanas
  4 worker ants
  4 ogre zombies (D:12)
  2 hound zombies (D:9)
  A hound skeleton (D:9)
  A mummy (D:10)
  A howler monkey zombie (D:11)
  7 worker ant zombies
  7 gnolls
  12 adders
  3 shadow imps
  An ooze (D:3)
  An adder zombie (D:9)
  3 adder skeletons
  3 worms
  A dart slug (D:2)
  3 leopard geckos
  57 orcs
  2 ball pythons
  8 bats
  12 giant cockroaches
  11 goblins
  11 hobgoblins
  7 jackals
  A quokka (D:11)
  2 frilled lizards
  A goblin skeleton (D:12)
  A goblin zombie (D:12)
  A hobgoblin zombie (D:12)
  A jackal skeleton (D:4)
  A jackal zombie (D:6)
  10 kobolds
  3 orc skeletons (D:12)
  13 orc zombies (D:12)
  A quokka skeleton (D:6)
  4 rats
  A bush (D:9)
  3 plants (D:9)
353 creatures vanquished.

Vanquished Creatures (others)
  2 plants (D:9)
2 creatures vanquished.

Grand Total: 355 creatures vanquished

Notes
Turn   | Place    | Note
-------+----------+-------------------------------------------
     0 | D:1      | ghjk the Minotaur Fighter began the quest for the Orb.
     0 | D:1      | Reached XP level 1. HP: 19/19 MP: 0/0
    85 | D:1      | Reached XP level 2. HP: 26/27 MP: 1/1
   465 | D:2      | Reached XP level 3. HP: 29/33 MP: 2/2
   502 | D:2      | Reached skill level 3 in Axes
   762 | D:2      | Found a glowing golden altar of the Shining One.
   979 | D:3      | Reached XP level 4. HP: 40/41 MP: 3/3
  1077 | D:3      | Reached skill level 4 in Axes
  1257 | D:3      | Found a hazy altar of Hepliaklqana.
  1268 | D:3      | Reached XP level 5. HP: 17/47 MP: 4/4
  1270 | D:3      | Reached skill level 5 in Armour
  1557 | D:3      | Reached skill level 5 in Axes
  1662 | D:3      | Reached skill level 5 in Fighting
  1679 | D:3      | Found a glowing silver altar of Zin.
  2098 | D:4      | Reached XP level 6. HP: 49/56 MP: 5/5
  2162 | D:4      | Found an iron altar of Okawaru.
  2220 | D:4      | Became a worshipper of Warmaster Okawaru
  2355 | D:4      | Reached skill level 6 in Axes
  2776 | D:4      | Reached skill level 7 in Axes
  2776 | D:4      | Reached XP level 7. HP: 48/61 MP: 6/6
  2830 | D:5      | Entered Level 5 of the Dungeon
  2855 | D:5      | Found a snail-covered altar of Cheibriados.
  2900 | D:5      | Reached * piety under Okawaru
  3215 | D:5      | Found a shimmering altar of Xom.
  3331 | D:5      | Reached skill level 8 in Axes
  3722 | D:5      | Got a bound platinum amulet
  3834 | D:5      | Identified the amulet "Muotyfuck" {Gourm rElec rPois Int-3} (You found it on level 5 of the Dungeon)
  3856 | D:6      | Reached XP level 8. HP: 26/70 MP: 7/7
  4087 | D:6      | Found a staircase to the Ecumenical Temple.
  4129 | D:6      | Reached skill level 9 in Axes
  4173 | D:6      | Reached ** piety under Okawaru
  4300 | D:6      | Found a burning altar of Makhleb.
  4445 | D:6      | Noticed Menkaure
  4451 | D:6      | Killed Menkaure
  4630 | D:7      | Noticed a hippogriff
  4639 | D:7      | Killed a hippogriff
  4639 | D:7      | Reached skill level 10 in Axes
  4792 | D:7      | Noticed a hippogriff
  4799 | D:7      | Killed a hippogriff
  5323 | D:8      | Found a staircase to the Lair.
  5323 | D:8      | Noticed an elephant
  5338 | D:8      | Reached *** piety under Okawaru
  5338 | D:8      | Reached XP level 9. HP: 48/79 MP: 8/8
  5343 | D:8      | Killed an elephant
  5343 | D:8      | Reached skill level 11 in Axes
  5861 | D:8      | Reached **** piety under Okawaru
  6106 | D:8      | Reached skill level 12 in Axes
  6119 | D:8      | Received a gift from Okawaru
  6120 | D:8      | Reached XP level 10. HP: 18/90 MP: 9/9
  6437 | D:8      | Noticed a three-headed hydra
  7433 | D:8      | Killed a three-headed hydra
  7433 | D:8      | Reached skill level 13 in Axes
  7620 | D:9      | Reached ***** piety under Okawaru
  7948 | D:9      | Reached skill level 10 in Armour
  7983 | D:9      | Received a gift from Okawaru
  7983 | D:9      | Reached skill level 10 in Fighting
  7998 | D:9      | Noticed salade2fruit's ghost (novice OpEE)
  8006 | D:9      | Killed salade2fruit's ghost
  8153 | D:9      | Found a blossoming altar of Fedhas.
  8174 | D:9      | Reached skill level 14 in Axes
  8396 | D:9      | Found an iron altar of Okawaru.
  8402 | D:9      | Found a shattered altar of Ashenzari.
  8786 | D:9      | Reached XP level 11. HP: 101/101 MP: 10/10
  8856 | D:10     | Entered Level 10 of the Dungeon
  9105 | D:10     | Noticed a hill giant
  9109 | D:10     | Killed a hill giant
  9200 | D:10     | Noticed ghjk's ghost (journeyman MiFi)
  9208 | D:10     | Killed ghjk's ghost
  9208 | D:10     | Reached skill level 15 in Axes
  9257 | D:10     | Found Upparis's Gadget Emporium.
  9351 | D:10     | Noticed a deep elf knight
  9357 | D:10     | Killed a deep elf knight
 10051 | D:11     | Noticed a hill giant
 10071 | D:11     | Killed a hill giant
 10114 | D:11     | Received a gift from Okawaru
 10137 | D:11     | Noticed a five-headed hydra
 10147 | D:11     | Killed a five-headed hydra
 10147 | D:11     | Reached skill level 16 in Axes
 10546 | D:11     | Noticed a hill giant
 10551 | D:11     | Killed a hill giant
 10661 | D:11     | Received a gift from Okawaru
 11063 | D:12     | Noticed a white ugly thing
 11093 | D:11     | Reached XP level 12. HP: 71/109 MP: 11/11
 11277 | D:12     | Found a staircase to the Orcish Mines.
 11325 | D:12     | Reached ****** piety under Okawaru
 11325 | D:12     | Reached skill level 17 in Axes
 12591 | D:11     | HP: 3/111 [hill giant/giant spiked club (17)]
 12595 | D:11     | Annihilated by a hill giant

Skill      XL: |  1  2  3  4  5  6  7  8  9 10 11 12 |
---------------+-------------------------------------+-----
Fighting       | 4 5 7 8 10 11 | 11.8
Armour         | 4 5 6 8 9 10 11 | 11.1
Axes           | 3 4 5 7 8 10 12 14 16 17 | 17.1
Maces & Flails | |  0.8
Shields        | |  3.6
Invocations    | |  0.2

Action                   |  1- 3 |  4- 6 |  7- 9 | 10-12 || total
-------------------------+-------+-------+-------+-------++-------
Melee: War axe           |    82 |   134 |   267 |   450 ||   933
       Headbutt          |    13 |    28 |    48 |   110 ||   199
       Dire flail        |       |       |       |    11 ||    11
       Battleaxe         |       |       |       |   118 ||   118
Invok: Heroism           |       |       |       |     2 ||     2
  Use: Scroll            |       |    11 |     7 |    12 ||    30
       Potion            |       |     2 |     2 |     3 ||     7
  Eat: Chunk             |       |     4 |     7 |    23 ||    34
       Pizza             |       |     1 |       |     7 ||     8
       Bread ration      |       |       |     1 |     1 ||     2
       Beef jerky        |       |       |       |     1 ||     1
Armor: Scale mail        |    30 |    46 |   132 |   174 ||   382
Dodge: Dodged            |    18 |    35 |    73 |   222 ||   348
Block: Shield            |    49 |    64 |   139 |    26 ||   278
